 Dungeon Crawl Stone Soup version 0.31-a0-204-g7da18cac08 (webtiles) character file.

Game seed: 14682529916864956926

242 qw the Skirmisher (level 5, -6/30 HPs)
             Began as a Deep Elf Hunter on June 27, 2023.
             Mangled by an ice beast (13 damage)
             ... on level 3 of the Dungeon.
             The game lasted 00:00:43 (2066 turns).

qw the Skirmisher (Deep Elf Hunter)                 Turns: 2066, Time: 00:00:44

Health: -6/30      AC:  9    Str: 10    XL:     5   Next: 82%
Magic:  7/7        EV:  9    Int: 14    God:
Gold:   102        SH:  5    Dex: 18    Spells: 4/4 levels left

rFire   . . .        Y - +1 shortbow
rCold   . . .        (shield currently unavailable)
rNeg    . . .        e - +0 scale mail
rPois   .            (no helmet)
rElec   .            (no cloak)
rCorr   .            m - +2 pair of gloves
SInv    .            (no boots)
Will    .....        j - amulet of reflection
Stlth   +            (no ring)
HPRegen 0.25/turn    (no ring)
MPRegen 0.10/turn

%: reflection
@: no status effects
A: no striking features
a: no special abilities


You were on level 3 of the Dungeon.
You visited 1 branch of the dungeon, and saw 3 of its levels.

You collected 150 gold pieces.
You spent 48 gold pieces at shops.


   Skills:
 + Level 1.8 Fighting
 - Level 9.0 Ranged Weapons
 - Level 1.1 Armour
 - Level 2.4 Dodging
 - Level 1.2 Stealth


You had 4 spell levels left.
You didn't know any spells.
Your spell library was empty.

Inventory:

Hand Weapons
 Y - a +1 shortbow (weapon)
Armour
 e - a +0 scale mail (worn)
 h - a +0 ring mail
 m - a +2 pair of gloves (worn)
Jewellery
 i - a +5 ring of evasion
 j - an amulet of reflection (around neck)
Scrolls
 a - a scroll of identify
 f - a scroll of enchant armour
Potions
 b - a potion of enlightenment {unknown}
 c - a potion of haste {unknown}
 d - a potion of berserk rage {unknown}
 g - a potion of cancellation {unknown}
 k - a potion of might
 n - a potion of heal wounds

Dungeon Overview and Level Annotations

Branches:
Dungeon (3/15)

Altars:

Shops:
D:1 *


Message History

The ice beast hits you but does no damage.
The frilled lizard barely misses you.
You shoot an arrow.
The arrow hits the gnoll but does no damage.
The gnoll is heavily wounded.
The adder completely misses you. You block the adder's attack.
The gnoll closely misses you.
The frilled lizard bites you but does no damage.
You block the ice beast's attack.
You shoot an arrow. The arrow closely misses the gnoll.
The arrow hits the adder.
The adder is heavily wounded.
The adder closely misses you. The gnoll hits you with a +0 whip.
The ice beast hits you but does no damage.
The frilled lizard barely misses you. The adder barely misses you.
You shoot an arrow.
The arrow hits the gnoll but does no damage.
The gnoll is heavily wounded.
The gnoll misses you.
The ice beast hits you but does no damage.
The frilled lizard bites you but does no damage.
You block the adder's attack.
You shoot an arrow. The arrow barely misses the gnoll.
The arrow hits the adder!
You kill the adder!
The adder barely misses you. The gnoll hits you with a +0 whip.
The frilled lizard bites you but does no damage.
The ice beast hits you. The ice beast freezes you. The adder barely misses you.
The frilled lizard barely misses you. You block the ice beast's attack.
You block the gnoll's attack.
You shoot an arrow.
The arrow hits the gnoll but does no damage.
The gnoll is heavily wounded.
The adder barely misses you. The gnoll closely misses you.
You block the frilled lizard's attack. The ice beast misses you.
The adder bites you but does no damage.
You shoot an arrow. The arrow hits the gnoll.
The gnoll is severely wounded.
The gnoll hits you with a +0 whip. You block the frilled lizard's attack.
You block the adder's attack. The ice beast hits you.
The ice beast freezes you!
You die...

#.....##.#...######
########.....##)##........
#
...........####....######.
# ###############..###. #
#.............##.. #
#.##########..#..# ### #
#.#####......##..#.... ..#
#.##)......#.#lS...... #.#
#..........#.#@gS.)# #.#
#..........#...Y#..# #.#
#...............# ... #.#
#....#####'#....# . #.#
#....# #.........# #%#
#.#### #........... #..
#.# #.......###.. ##. #..
#.# #......... ### ....
#.. #.# #..........
.....#..


You could see an ice beast, a gnoll, an adder, a ball python and a frilled
lizard.

Vanquished Creatures
  A phantom (D:3)
  3 orc wizards (D:3)
  A gnoll (D:1)
  4 adders
  6 orcs (D:3)
  2 ball pythons
  6 bats
  7 endoplasms
  A giant cockroach (D:2)
  4 goblins
  5 hobgoblins
  A kobold (D:2)
  A quokka (D:3)
  A frilled lizard (D:3)
  3 rats
46 creatures vanquished.

Notes
Turn   | Place    | Note
-------+----------+-------------------------------------------
     0 | D:1      | qw the Deep Elf Hunter began the quest for the Orb.
     0 | D:1      | Reached XP level 1. HP: 12/12 MP: 3/3
     0 | D:1      | 0 ||| qw: Version: 0.3-a-22-g0ed2b0b
     0 | D:1      | 0 ||| qw: Game counter: 6470
     0 | D:1      | 0 ||| qw: Melee chars always use a shield: true
     0 | D:1      | 0 ||| qw: God list: Okawaru
     0 | D:1      | 0 ||| qw: Allow faded altars: false
     0 | D:1      | 0 ||| qw: Do Orc after clearing Dungeon:15 true
     0 | D:1      | 0 ||| qw: Do second Lair branch before Depths: true
     0 | D:1      | 0 ||| qw: Lair rune preference: random
     0 | D:1      | 0 ||| qw: Goals: Normal
     0 | D:1      | 0 ||| PLANNING D:1-11
    23 | D:1      | Reached skill level 6 in Ranged Weapons
    23 | D:1      | Reached XP level 2. HP: 16/16 MP: 4/4
   673 | D:1      | Found Wibbioch's Assorted Antiques.
   676 | D:1      | 676 ||| SHOPLISTING jewelled brass wand (96 gold, have 60).
   676 | D:1      | 676 ||| SHOPLISTING ring mail (96 gold, have 60).
   676 | D:1      | 676 ||| SHOPLISTING runed cameo amulet (120 gold, have 60).
   676 | D:1      | 676 ||| BUYING scroll labelled GYOHUN HITAOZEHE (24 gold).
   676 | D:1      | Bought a scroll labelled GYOHUN HITAOZEHE for 24 gold
                  | pieces
   676 | D:1      | 676 ||| BUYING scroll labelled GYOHUN HITAOZEHE (24 gold).
   676 | D:1      | Bought a scroll labelled GYOHUN HITAOZEHE for 24 gold
                  | pieces
   676 | D:1      | 676 ||| SHOPLISTING tubular bronze ring (120 gold, have
                  | 12).
   750 | D:1      | 750 ||| UPGRADING to +2 pair of gloves.
   755 | D:1      | 755 ||| UPGRADING to amulet of regeneration.
   760 | D:1      | 760 ||| UPGRADING to amulet of reflection.
   770 | D:1      | 770 ||| DROPPING amulet of regeneration.
   771 | D:1      | 771 ||| READING 4 scrolls labelled XID ROBRAIWUGRARCHA.
   772 | D:1      | 772 ||| READING 2 scrolls labelled QUIRAJ VAJIYGIN.
   773 | D:1      | 773 ||| READING 2 scrolls labelled IPPAERA NUQO.
   774 | D:1      | 774 ||| READING scroll labelled TAPNIY TEUHIKLIR.
   775 | D:1      | 775 ||| READING scroll labelled BEKOPA UCVEL.
   776 | D:1      | 776 ||| READING 2 scrolls labelled GYOHUN HITAOZEHE.
   777 | D:1      | 777 ||| READING scroll labelled WIBOFRE WIOSUD.
   778 | D:1      | 778 ||| DRINKING 2 metallic sapphire potions.
   779 | D:1      | 779 ||| READING 3 scrolls of identify.
   779 | D:1      | 779 ||| IDENTIFYING viscous blue potion
   780 | D:1      | 780 ||| READING 2 scrolls of identify.
   780 | D:1      | 780 ||| IDENTIFYING golden potion
   781 | D:1      | 781 ||| DROPPING scroll of butterflies.
   782 | D:1      | 782 ||| DROPPING scroll of poison.
   783 | D:1      | 783 ||| DROPPING scroll of revelation.
   785 | D:1      | 785 ||| Stepping ~*~*~tactically~*~*~ (cloud).
   786 | D:1      | 786 ||| DRINKING potion of curing.
   786 | D:1      | 786 ||| (to cure poison)
   970 | D:2      | Reached XP level 3. HP: 20/20 MP: 5/5
  1102 | D:2      | Reached skill level 7 in Ranged Weapons
  1347 | D:2      | 1347 ||| UPGRADING to +0 scale mail.
  1357 | D:2      | 1357 ||| DROPPING +0 leather armour.
  1438 | D:3      | Noticed a phantom
  1456 | D:3      | Killed a phantom
  1457 | D:3      | Reached skill level 8 in Ranged Weapons
  1457 | D:3      | Reached XP level 4. HP: 12/25 MP: 6/6
  1525 | D:3      | Reached XP level 5. HP: 28/29 MP: 7/7
  1785 | D:3      | Reached skill level 9 in Ranged Weapons
  1863 | D:3      | Reached skill level 1 in Armour
  1956 | D:3      | Identified the +5 short sword of Heavolig {distort, rC+
                  | Str+4}
  2056 | D:3      | Noticed an ice beast
  2066 | D:3      | HP: 7/30 [ice beast (1)]
  2066 | D:3      | Mangled by an ice beast

Levels and vault maps discovered:
D:1:      co_arrival_random_square_maze, layout_basic, serial_shops, shop,
          nicolae_figureground_sparkle
D:2:      layout_basic
D:3:      layout_basic, minmay_randomly_rotated_circles

Skill      XL: |  1  2  3  4  5 |
---------------+----------------+-----
Ranged Weapons | 6 8 9 |  9.0
Armour         | 1 |  1.1
Fighting       | |  1.8
Dodging        | |  2.4
Stealth        | |  1.2

Action                     |  1- 3 |  4- 6 || total
---------------------------+-------+-------++-------
   Fire: Shortbow          |    70 |    77 ||   147
    Use: Scroll            |     9 |       ||     9
         Potion            |     2 |       ||     2
 Armour: Leather armour    |     6 |       ||     6
         Scale mail        |     5 |    42 ||    47
  Dodge: Dodged            |     9 |    26 ||    35
  Block: Other             |     9 |    12 ||    21

Table legend:
 A = Non-vault XP
 B = Vault XP
 C = Vault XP percentage of total XP
 D = Non-vault monster count
 E = Vault monster count
 F = Vault count percentage of total count
                 A         B        C        D         E       F
            +---------+---------+-------+---------+---------+-------
      Total |     332 |      15 |   4.3 |      44 |       2 |   4.3
            +---------+---------+-------+---------+---------+-------
        D:1 |      31 |       0 |   0.0 |      10 |       0 |   0.0
        D:2 |      48 |       0 |   0.0 |      14 |       0 |   0.0
        D:3 |     253 |      15 |   5.6 |      20 |       2 |   9.1
            +---------+---------+-------+---------+---------+-------
